 Dungeon Crawl Stone Soup version 0.28.0 (webtiles) character file.

Game seed: 12003922466807392354

3 themarg the Prestidigitator (level 1, 0/17 HPs)
             Began as a Gnoll Wanderer on Feb 5, 2022.
             Slain by a jackal (1 damage)
             ... on level 2 of the Dungeon.
             The game lasted 00:00:20 (11 turns).

themarg the Prestidigitator (Gnoll Wanderer)          Turns: 11, Time: 00:00:20

Health: 0/17       AC:  3    Str: 18    XL:     1   Next: 50%
Magic:  1/1        EV: 11    Int:  7    God:
Gold:   0          SH:  0    Dex:  8    Spells: 0/0 levels left

rFire   . . .      SeeInvis .   a - +2 dagger
rCold   . . .      Faith    .   (no shield)
rNeg    . . .      Spirit   .   f - +0 leather armour
rPois   .          Reflect  .   (no helmet)
rElec   .          Harm     .   (no cloak)
rCorr   .          Rampage  .   (no gloves)
Will    .....                   (no boots)
Stlth   +.........              (no amulet)
HPRegen 0.05/turn               (no ring)
MPRegen 0.07/turn               (no ring)

@: no status effects
A: fangs 1, strong nose, distributed training
a: no special abilities


You were on level 2 of the Dungeon.
You visited 1 branch of the dungeon, and saw 2 of its levels.

Inventory:

Hand Weapons
 a - a +2 dagger (weapon)
 c - a +0 hand crossbow
Missiles
 b - 2 curare-tipped darts (quivered)
 d - 25 bolts
Armour
 f - a +0 leather armour (worn)
Wands
 e - a wand of polymorph (3)


   Skills:
 + Level 2.3 Fighting
 + Level 0.0 Short Blades
 + Level 0.0 Long Blades
 + Level 0.0 Axes
 + Level 0.0 Maces & Flails
 + Level 0.0 Polearms
 + Level 0.0 Staves
 + Level 0.0 Slings
 + Level 0.0 Bows
 + Level 4.4 Crossbows
 + Level 4.4 Throwing
 + Level 0.0 Armour
 + Level 0.0 Dodging
 + Level 0.0 Stealth
 + Level 0.0 Shields
 + Level 0.0 Unarmed Combat
 + Level 0.0 Spellcasting
 + Level 0.0 Conjurations
 + Level 0.0 Hexes
 + Level 0.0 Summonings
 + Level 0.0 Necromancy
 + Level 0.0 Translocations
 + Level 0.0 Transmutations
 + Level 0.0 Fire Magic
 + Level 0.0 Ice Magic
 + Level 0.0 Air Magic
 + Level 0.0 Earth Magic
 + Level 0.0 Poison Magic
 + Level 0.1 Invocations
 + Level 10.3 Evocations


You couldn't memorise any spells.
You didn't know any spells.
Your spell library was empty.

Dungeon Overview and Level Annotations

Branches:
Dungeon (2/15)

Altars:


Innate Abilities, Weirdness & Mutations

You have very sharp teeth.
Your uncanny sense of smell can sniff out nearby items.
Your experience applies equally to all skills.


Message History

The jackal is moderately wounded.
A jackal comes into view.
The jackal closely misses you.
The jackal barks!
You hit the jackal.
The jackal is almost dead.
The jackal closely misses you.
You barely miss the jackal. You bite the jackal.
You kill the jackal!
The jackal bites you.
A jackal comes into view.
A rat comes into view.
The jackal closely misses you.
The jackal moves out of view.
You hit the jackal.
You kill the jackal!
The quokka bites you but does no damage.
You closely miss the rat.
The jackal barks!
An adder comes into view.
The quokka bites you. The rat bites you.
You hit the rat. You bite the rat, but do no damage.
The rat is heavily wounded.
The jackal bites you. The quokka bites you.
The jackal pauses to sniff the ground.
The jackal bites you but does no damage.
The rat closely misses you.
You hit the rat.
You kill the rat!
The jackal bites you. The quokka barely misses you. The jackal bites you.
* * * LOW HITPOINT WARNING * * *
The jackal barely misses you.
You hit the jackal.
The jackal is heavily wounded.
The jackal barely misses you. The quokka bites you.
* * * LOW HITPOINT WARNING * * *
The jackal barely misses you. The jackal closely misses you.
You hit the jackal but do no damage.
The jackal is heavily wounded.
The quokka bites you but does no damage.
The jackal barely misses you. The jackal bites you.
You die...

# .#∆ #. ..
#########.
##
.........
..
......hr#.#
......†@hS#
####.######
∆ ∆ ∆


You could see an adder, a quokka and 2 jackals.

Vanquished Creatures
  2 jackals (D:2)
  A rat (D:2)
3 creatures vanquished.

Notes
Turn   | Place    | Note
-------+----------+-------------------------------------------
     0 | D:1      | Reached skill level 10 in Evocations
     0 | D:1      | themarg the Gnoll Wanderer began the quest for the Orb.
     0 | D:1      | themarg set off with the following items: a +2 dagger, 2
                  | curare-tipped darts, a +0 hand crossbow, 25 bolts, a wand
                  | of polymorph (3), a +0 leather armour
     0 | D:1      | Reached XP level 1. HP: 17/17 MP: 1/1
    11 | D:2      | Slain by a jackal

Illustrated notes

Levels and vault maps discovered:
D:1:      dpeg_arrival_pits, layout_basic, serial_shops, shop,
          grunt_decor_junction, hex_tiny, grunt_decor_arrowhead
D:2:      layout_basic, basic_ecumenical_altar, grunt_ministairs_9,
          uniq_jessica, uniq_sigmund, uniq_robin, uniq_natasha

Skill      XL: | |
---------------+-+-----
Evocations     | | 10.3
Fighting       | |  2.3
Crossbows      | |  4.4
Throwing       | |  4.4
Invocations    | |  0.1

Action                   || total
-------------------------++-------
Melee: Dagger            ||     9
       Bite              ||     2
Armor: Leather armour    ||     3
Dodge: Dodged            ||    10
